 Dungeon Crawl Stone Soup version 0.30-a0-377-g5cb311bc9f (webtiles) character file.

Game seed: 1485605935993336853

10 caruso the Conjurer (level 2, -13/19 HPs)
             Began as a Human Conjurer on Nov 30, 2022.
             Killed by divine providence
             ... invoked by an orc priest
              (16 damage)
             ... on level 5 of the Dungeon.
             The game lasted 00:06:07 (389 turns).

caruso the Conjurer (Human Conjurer)                 Turns: 389, Time: 00:06:10

Health: -13/19     AC:  2    Str:  7    XL:     2   Next: 30%
Magic:  0/5        EV: 12    Int: 18    God:
Gold:   67         SH:  0    Dex: 11    Spells: 4/5 levels left

rFire   . . .      SeeInvis .    (no weapon)
rCold   . . .      Faith    .    (no shield)
rNeg    . . .      Spirit   .    a - +0 robe
rPois   .          Reflect  .    (no helmet)
rElec   .          Harm     .    (no cloak)
rCorr   .          Rampage  .    (no gloves)
Will    .....                    (no boots)
Stlth   ++........               (no amulet)
HPRegen 0.23/turn                p - ring of wizardry
MPRegen 0.09/turn                (no ring)

@: no status effects
A: no striking features
a: no special abilities


You were on level 5 of the Dungeon.
You visited 1 branch of the dungeon, and saw 5 of its levels.

You collected 67 gold pieces.

Inventory:

Hand Weapons
 d - a +0 dagger
 e - a +0 club
 j - a +0 flail
Missiles
 g - 4 stones
Armour
 a - a +0 robe (worn)
 h - a +0 leather armour
 m - a +0 plate armour
 n - a +0 helmet
Jewellery
 p - a ring of wizardry (left hand)
Wands
 o - a wand of iceblast (12)
Scrolls
 f - a scroll of identify {unknown}
 l - a scroll of enchant weapon {unknown}
Potions
 b - a potion of magic
 c - a potion of heal wounds {unknown}
 i - 2 potions of curing {unknown}
 k - a potion of degeneration {unknown}


   Skills:
 + Level 2.0 Dodging
 + Level 2.1 Stealth
 + Level 2.0 Spellcasting
 + Level 4.3 Conjurations


You had 4 spell levels left.
You knew the following spells:

 Your Spells              Type           Power      Damage    Failure   Level
a - Magic Dart            Conj           68%        1d6       1%          1

Your spell library contained the following spells:

 Spells                   Type           Power      Damage    Failure   Level
 Searing Ray              Conj           34%        2d5       1%          2
 Sandblast                Erth           2%         2d4       8%          1
 Dazzling Flash           Conj/Hex       18%        N/A       9%          3
 Stone Arrow              Conj/Erth      18%        3d8       9%          3
 Passwall                 Tmut/Erth      0%         N/A       11%         2
 Fulminant Prism          Conj/Hex       4%         3d5       28%         4
 Iskenderun's Mystic Bla  Conj/Tloc      9%         2d4       28%         4


Dungeon Overview and Level Annotations

Branches:
Dungeon (6/15)
 Temple: D:4-7

Altars:

Shops:
D:1 [


Message History

Ouch! That really hurt!
Aiming: Magic Dart (safe; 1% risk of failure)
Press: ? - help, Q - select action, (/) - cycle Shift-Dir - straight line, f/p - orc priest
Aim: an orc priest, wielding a +0 club (heavily wounded, 100% to hit)
The magic dart hits the orc priest.
The orc priest is severely wounded.
The orc wizard hits you with a +0 dagger.
* * * LOW HITPOINT WARNING * * *
The orc priest closely misses you.
Aiming: Magic Dart (safe; 1% risk of failure)
Press: ? - help, Q - select action, (/) - cycle Shift-Dir - straight line, f/p - orc priest
Aim: an orc priest, wielding a +0 club (severely wounded, 100% to hit)
The magic dart hits the orc priest.
The orc priest is severely wounded.
The orc priest barely misses you.
The orc wizard hits you with a +0 dagger.
* * * LOW HITPOINT WARNING * * *
Aiming: Iceblast
Press: ? - help, Shift-Dir - straight line, f/p - orc priest
Aim: an orc priest, wielding a +0 club (severely wounded)
Okay, then.
Unknown command.
Unknown command.
Unknown command.
Unknown command.
Unknown command.
Unknown command.
Unknown command.
Really attack while wielding nothing? [Y]es or [N]o only, please.
Really attack while wielding nothing?
Okay, then.
Really attack while wielding nothing?
You hit the orc priest but do no damage.
The orc priest is severely wounded.
The orc wizard barely misses you.
The orc priest calls down the wrath of Beogh upon you.
Beogh smites you!
Ouch! That really hurt!
You die...

## ##.## ... #.
#..# #### #.. #..#
#.. #..###### #..#
##........
#...#####.........
#........>..#####
##.....oo..##
#.....@...#
#..#.......#
#.###.....##.# #.#
#......# #.# #.#
#......# ... ~..
#.......# ... ~~
#.....#... ..?
#....###... ....##
###.


You could see an orc priest and an orc wizard.

Vanquished Creatures
  2 endoplasms
  2 goblins (D:1)
  A quokka (D:1)
  A ball python (D:1)
  3 bats (D:1)
  A frilled lizard (D:1)
  A rat (D:1)
11 creatures vanquished.

Vanquished Creatures (others)
  A plant (D:1)
1 creature vanquished.

Grand Total: 12 creatures vanquished

Notes
Turn   | Place    | Note
-------+----------+-------------------------------------------
     0 | D:1      | caruso the Human Conjurer began the quest for the Orb.
     0 | D:1      | Reached XP level 1. HP: 13/13 MP: 3/3
    68 | D:1      | Found Qewuli's Armour Boutique.
   176 | D:1      | Reached XP level 2. HP: 19/19 MP: 3/5
   268 | D:2      | You fall into a shaft and drop 2 floors!
   327 | D:5      | Entered Level 5 of the Dungeon
   389 | D:5      | Killed from afar by an orc priest

Illustrated notes

Levels and vault maps discovered:
D:1:      nzn_arrival_depleted_hourglass, layout_loops_corners, serial_shops,
          nicolae_shop_hallway_plus, serial_forest, infiniplex_forest_end_3,
          infiniplex_forest_clump_diagonal, infiniplex_forest_corner_2,
          infiniplex_forest_end_3, infiniplex_forest_clump_tiny,
          infiniplex_forest_lined_ring
D:2:      layout_basic, basic_altar, nrook_mini_backslash,
          minmay_quadrilaterals, uniq_terence
D:4:      layout_rooms, grunt_ashenzari_visionary
          [grunt_ashenzari_visionary_shoals, grunt_ashenzari_visionary_spider],
          trog_wizard, serial_bayou_lake_a
D:5:      cheibrodos_thug_alley, layout_layer_cave, guppyfry_early_lair_pool,
          uniq_crazy_yiuf_cottage
D:6:      layout_cave_pools, minmay_temple_entry_proselytizer

Action                   || total
-------------------------++-------
Melee: Unarmed           ||     1
 Cast: Magic Dart        ||    22
Armor: Robe              ||     3
Dodge: Dodged            ||     9

Table legend: (Time is in decaauts)
 A = Elapsed time spent in this place.
 B = Non-inter-level travel time spent in this place.
 C = Inter-level travel time spent in this place.
 D = Time resting spent in this place.
 E = Time spent auto-exploring this place.
 F = Levels seen in this place.
 G = Mean time per level.
                   A        B        C        D        E       F      G
               +--------+--------+--------+--------+--------+-----+--------+
         Total |    388 |    104 |    284 |      0 |      0 |   5 |   77.6 |
       Dungeon |    388 |    104 |    284 |      0 |      0 |   5 |   77.6 |
               +--------+--------+--------+--------+--------+-----+--------+

Top non-repeatable levels by time:
     D:1: 241 daAuts
     D:4: 58 daAuts
     D:5: 57 daAuts
     D:2: 26 daAuts
     D:6: 3 daAuts
